 Dungeon Crawl Stone Soup version 0.28.0 (webtiles) character file.

Game seed: 16012504548385872094

60370 dolemite99 the Thaumaturge (level 14, 0/109 HPs)
             Began as a Gnoll Earth Elementalist on Feb 10, 2022.
             Was a Follower of Ignis.
             Killed from afar by a lich (33 damage)
             ... with a bolt of cold
             ... on level 2 of the Abyss.
             The game lasted 01:23:04 (31528 turns).

dolemite99 the Thaumaturge (GnEE)                  Turns: 31528, Time: 01:23:04

Health: 0/109      AC: 14    Str:  7 (8)  XL:     14   Next: 99%
Magic:  20/28      EV: 15    Int: 26      God:    Ignis [*.....]
Gold:   1587       SH:  0    Dex:  9 (12) Spells: 4/34 levels left

rFire   + . .      SeeInvis +   a - +1 hunting sling (freeze)
rCold   . . .      Faith    .   (no shield)
rNeg    . . .      Spirit   .   F - +1 steam dragon scales
rPois   .          Reflect  .   J - +2 hat
rElec   .          Harm     .   (no cloak)
rCorr   .          Rampage  .   n - +0 pair of gloves
Will    +....                   Y - +1 pair of boots {Fly}
Stlth   ++++......              c - amulet of magic regeneration
HPRegen 0.28/turn               Q - ring of see invisible
MPRegen 0.61/turn               m - +6 ring of intelligence {=R}

@: about to teleport, flying
A: fangs 1, strong nose, distributed training, deterioration 1
a: Renounce Religion, Fiery Armour, Foxfire Swarm, Rising Flame


You were on level 2 of the Abyss.
You worshipped Ignis.
Ignis was aware of your devotion.
You visited 3 branches of the dungeon, and saw 18 of its levels.
You visited the Abyss 2 times.
You also visited: Volcano.

You collected 1587 gold pieces.

Inventory:

Hand Weapons
 a - a +1 hunting sling of freezing (weapon)
 r - a +0 long sword of draining
 t - a +2 trident of freezing
 M - a +4 long sword of pain
 X - a +0 double sword of holy wrath
Missiles
 e - 159 sling bullets (quivered ammo)
 p - 7 boomerangs
 w - 24 poisoned darts
 x - 6 atropa-tipped darts
 z - 3 curare-tipped darts
 K - 8 throwing nets
 T - 9 javelins
Armour
 n - a +0 pair of gloves (worn)
 F - +1 steam dragon scales (worn)
 J - a +2 hat (worn)
 Y - a +1 pair of boots of flying (worn)
Magical Staves
 B - a staff of air
 V - a staff of conjuration
Jewellery
 c - an amulet of magic regeneration (around neck)
 f - a ring of protection from cold
 l - a ring of wizardry
 m - a +6 ring of intelligence (right hand) {=R}
 o - a +4 ring of protection
 q - a ring of ice
 y - a ring of willpower
 A - a ring of fire
 O - a ring of poison resistance
 Q - a ring of see invisible (left hand)
Wands
 u - a wand of flame (12)
 D - a wand of polymorph (9)
 R - a wand of digging (3)
Scrolls
 g - 2 scrolls of teleportation
 i - 6 scrolls of identify {@r1}
 k - a scroll of blinking
 H - 3 scrolls of vulnerability
Potions
 h - 2 potions of brilliance
 j - 4 potions of haste
 s - 3 potions of magic
 v - 4 potions of cancellation
 L - a potion of berserk rage
 N - 5 potions of lignification
 P - a potion of attraction
 Z - 5 potions of curing


   Skills:
 + Level 9.7 Fighting
 + Level 9.7 Short Blades
 + Level 9.7 Long Blades
 + Level 9.7 Axes
 + Level 9.7 Maces & Flails
 + Level 9.7 Polearms
 + Level 9.7 Staves
 + Level 9.7 Slings
 + Level 9.7 Bows
 + Level 9.7 Crossbows
 + Level 9.7 Throwing
 + Level 9.7 Armour
 + Level 10.7 Dodging
 + Level 10.6 Stealth
 + Level 9.7 Shields
 + Level 9.7 Unarmed Combat
 + Level 10.9 Spellcasting
 + Level 8.1 Conjurations
 + Level 8.1 Hexes
 + Level 8.1 Summonings
 + Level 8.1 Necromancy
 + Level 8.1 Translocations
 + Level 8.4 Transmutations
 + Level 8.1 Fire Magic
 + Level 8.1 Ice Magic
 + Level 8.1 Air Magic
 + Level 9.8 Earth Magic
 + Level 8.1 Poison Magic
 + Level 10.5 Invocations
 + Level 9.7 Evocations


You had 4 spell levels left.
You knew the following spells:

 Your Spells              Type           Power      Damage    Failure   Level
a - Stone Arrow           Conj/Erth      100%       3d13      1%          3
b - Sandblast             Erth           100%       2d20      1%          1
c - Borgnjor's Vile Clut  Necr/Erth      28%        N/A       3%          5
d - Flame Wave            Conj/Fire      54%        2d11      1%          4
e - Animate Dead          Necr           27%        N/A       1%          4
f - Petrify               Tmut/Erth      58%        N/A       1%          4
g - Sublimation of Blood  Necr           54%        N/A       1%          2
h - Tukima's Dance        Hex            54%        N/A       1%          3
i - Animate Armour        Summ/Erth      100%       N/A       1%          4

Your spell library contained the following spells:

 Spells                   Type           Power      Damage    Failure   Level
 Foxfire                  Conj/Fire      100%       2x1d9     1%          1
 Ensorcelled Hibernation  Hex/Ice        100%       N/A       1%          2
 Passwall                 Tmut/Erth      48%        N/A       1%          2
 Scorch                   Fire           100%       2d10      1%          2
 Confusing Touch          Hex            54%        N/A       1%          3
 Conjure Flame            Conj/Fire      54%        6-21      1%          3
 Inner Flame              Hex/Fire       54%        N/A       1%          3
 Swiftness                Air            54%        N/A       1%          3
 Leda's Liquefaction      Hex/Erth       28%        N/A       1%          4
 Passage of Golubria      Tloc           54%        N/A       1%          4
 Lee's Rapid Deconstruct  Erth           30%        3d17*     1%          5
 Blade Hands              Tmut           27%        N/A       3%          5
 Irradiate                Conj/Tmut      27%        3d23      3%          5
 Yara's Violent Unravell  Hex/Tmut       27%        3d12      3%          5
 Iron Shot                Conj/Erth      28%        9d6       16%         6
 Statue Form              Tmut/Erth      38%        N/A       16%         6
 Death Channel            Necr           27%        N/A       22%         6
 Summon Cactus Giant      Summ           27%        N/A       22%         6
 Enfeeble                 Hex            27%        N/A       77%         7


Dungeon Overview and Level Annotations

Branches:
Dungeon (11/15)            Temple (0/1) D:7            Lair (6/6) D:8
  Swamp (0/4) Lair:3       Spider (0/4) Lair:2        Slime (0/5) Lair:5
    Orc (1/2) D:11        Volcano (visited)

Altars:
Ashenzari
Cheibriados
Dithmenos
Fedhas
Gozag
Hepliaklqana
Kikubaaqudgha
Makhleb
Okawaru
Qazlal
Ru
Sif Muna
Wu Jian
Yredelemnul
Zin
The Shining One
Ignis

Shops:
Orc:1 (

Annotations:
D:11 Erolcha


Innate Abilities, Weirdness & Mutations

You have very sharp teeth.
Your uncanny sense of smell can sniff out nearby items.
Your experience applies equally to all skills.
Your body sometimes deteriorates upon taking damage.


Message History

You finish channelling waves of flame.
The zombie hands constrict the large abomination!
The zombie hands constrict the hellwing!
The hellwing hits you. The hellwing completely misses you.
The large abomination struggles to escape constriction.
The zombie hands constrict the large abomination!
The zombie hands constrict the hellwing!
The hellwing misses you. The hellwing closely misses you.
The large abomination escapes!
The zombie hands constrict the hellwing!
You kill the hellwing!
That felt strangely unrewarding.
Casting: Flame Wave (mildly dangerous; 1% risk of failure)
Confirm with . or Enter, or press ? or * to list all spells.
Aiming: Borgnjor's Vile Clutch (dangerous; 3% risk of failure)
Press: ? - help, Shift-Dir - straight line, f - large abomination
Aim: a large abomination (severely damaged, 100% to hit)
Zombie hands grab the large abomination.
The zombie hands constrict the large abomination.
A tentacled starspawn comes into view.
The large abomination struggles to escape constriction.
As you read the scroll of holy word, it crumbles to dust.
You speak a Word of immense power!
The lich convulses!
The lich shouts!
The large abomination convulses!
You destroy the large abomination!
That felt strangely unrewarding.
As you read the scroll of teleportation, it crumbles to dust.
You feel strangely unstable.
You feel the power of the Abyss delaying your translocation!
The tentacled starspawn bites you!!
Your body deteriorates!
You feel clumsy.
The tentacled starspawn tentacle-slaps you!
The lich gestures at you while chanting.
The bolt of cold hits you! The bolt of cold misses you.
The bolt of cold hits the lich!
The lich resists.
Tentacles burst from the starspawn's body!
The lich gestures at you while chanting.
The bolt of cold hits you!!
You die...

. ##.# ### . .
.. ###.# ###
#.. #..###Xw#
# .### ..#
#..Lw## # .
### ##.#@## #
.. ##..# #
##.###
#.X....# #
#..###...##.##
# ##.#. .X
.#.#
.#.#....##.#.#
.# # ..##
....# .# #....
.#..## #.
.....#.##...#
. ...#.#. #
....


You could see a tentacled starspawn, a lich (dazed) and 2 starspawn tentacles.

Vanquished Creatures
  A fire dragon (Lair:6)
  Fannar (D:11)
  Harold (D:7)
  A boulder beetle (Lair:4)
  A centaur warrior (D:11)
  Erica (Orc:1)
  7 hydras
  4 two-headed ogres
  8 death yaks
  Urug (Lair:2)
  Nergalle (D:11)
  2 large abominations (Abyss:2)
  A lindwurm (Lair:6)
  3 wizards (Volcano)
  A bog body (Lair:3)
  3 cyclopes (D:11)
  A wolf spider (Lair:3)
  17 elephants
  6 black mambas
  2 molten gargoyles (Lair:6)
  3 toenail golems (Volcano)
  Maggie (D:6)
  2 gargoyles (D:11)
  8 cane toads
  An unseen horror (D:10)
  2 rime drakes
  10 komodo dragons
  A hellwing (Abyss:2)
  2 trolls
  A hornet (D:9)
  A polar bear (Lair:6)
  23 blink frogs
  3 dream sheep
  A shadow (D:6)
  36 yaks
  6 wyverns
  Eustachio (D:5)
  9 basilisks
  2 steam dragons
  A neqoxec (Abyss:2)
  2 vampire mosquitoes (D:10)
  3 wargs
  5 hell hounds (Lair:6)
  16 water moccasins
  2 ice beasts
  10 orc warriors
  2 necrophages (D:5)
  3 ogres
  3 centaurs
  17 wolves
  A phantom (D:7)
  3 kobold brigands
  A gnoll sergeant (D:11)
  8 bullfrogs
  5 scorpions
  A water moccasin skeleton (D:6)
  A killer bee (D:5)
  3 vampire bats (Orc:1)
  3 wights (D:7)
  A howler monkey (D:8)
  2 electric eels
  5 lava snakes (Lair:6)
  A crimson imp (D:7)
  2 centaur zombies (D:8)
  A bullfrog skeleton (D:5)
  A hound (D:5)
  A jelly (D:7)
  A quasit (Abyss:2)
  4 orc priests
  5 iguanas
  Jessica (D:2)
  A scorpion zombie (D:5)
  9 orc wizards
  A small abomination (Abyss:2)
  A hound skeleton (D:4)
  7 gnolls
  7 adders
  A shadow imp (D:6)
  3 white imps
  An ufetubus (D:6)
  An adder skeleton (D:4)
  4 worms
  3 dart slugs
  30 orcs
  7 endoplasms
  4 giant cockroaches
  7 goblins
  4 hobgoblins
  5 quokkas
  3 training dummies (Orc:1)
  8 ball pythons
  8 bats
  2 frilled lizards
  21 kobolds
  6 rats
435 creatures vanquished.

Vanquished Creatures (collateral kills)
  2 elephants (Lair:6)
  2 dream sheep (Lair:6)
  A wyvern (Lair:6)
  7 yaks
  A steam dragon (Lair:6)
  2 water moccasins (Lair:6)
15 creatures vanquished.

Vanquished Creatures (others)
  A wizard (Volcano)
  2 dancing weapons
  A wyvern (Lair:6)
  A yak (Lair:6)
  6 bushes
  84 foxfires
  71 fungi
  124 plants
290 creatures vanquished.

Grand Total: 740 creatures vanquished

Notes
Turn   | Place    | Note
-------+----------+-------------------------------------------
     0 | D:1      | dolemite99 the Gnoll Earth Elementalist began the quest for
                  | the Orb.
     0 | D:1      | Reached XP level 1. HP: 13/13 MP: 6/6
   264 | D:1      | Reached XP level 2. HP: 12/19 MP: 4/7
   757 | D:1      | Found a faded altar of an unknown god.
   761 | D:1      | Prayed at the altar of an unknown god.
   761 | D:1      | Became a worshipper of Ignis, the Dying Flame
   958 | D:1      | Reached skill level 5 in Spellcasting
   958 | D:1      | Reached XP level 3. HP: 25/25 MP: 6/9
  1490 | D:2      | Reached skill level 1 in Invocations
  1737 | D:2      | Learned a level 3 spell: Stone Arrow
  1760 | D:2      | Found a stormy altar of Qazlal.
  1840 | D:2      | Noticed Jessica
  1846 | D:2      | Killed Jessica
  1847 | D:2      | Reached skill level 1 in Fighting
  1847 | D:2      | Reached skill level 1 in Short Blades
  1847 | D:2      | Reached skill level 1 in Long Blades
  1847 | D:2      | Reached skill level 1 in Axes
  1847 | D:2      | Reached skill level 1 in Maces & Flails
  1847 | D:2      | Reached skill level 1 in Polearms
  1847 | D:2      | Reached skill level 1 in Staves
  1847 | D:2      | Reached skill level 1 in Slings
  1847 | D:2      | Reached skill level 1 in Bows
  1847 | D:2      | Reached skill level 1 in Crossbows
  1847 | D:2      | Reached skill level 1 in Throwing
  1847 | D:2      | Reached skill level 1 in Armour
  1847 | D:2      | Reached skill level 1 in Shields
  1847 | D:2      | Reached skill level 1 in Unarmed Combat
  1847 | D:2      | Reached skill level 1 in Evocations
  1847 | D:2      | Reached XP level 4. HP: 32/32 MP: 11/11
  2556 | D:2      | Reached skill level 1 in Conjurations
  2556 | D:2      | Reached skill level 1 in Hexes
  2556 | D:2      | Reached skill level 1 in Summonings
  2556 | D:2      | Reached skill level 1 in Necromancy
  2556 | D:2      | Reached skill level 1 in Translocations
  2556 | D:2      | Reached skill level 1 in Fire Magic
  2556 | D:2      | Reached skill level 1 in Ice Magic
  2556 | D:2      | Reached skill level 1 in Air Magic
  2556 | D:2      | Reached skill level 1 in Poison Magic
  3872 | D:4      | Reached XP level 5. HP: 33/37 MP: 10/12
  4129 | D:4      | Learned a level 1 spell: Sandblast
  4626 | D:4      | Reached XP level 6. HP: 44/44 MP: 11/13
  4801 | D:4      | You are sucked into a shaft and drop 3 floors!
  5088 | D:5      | Entered Level 5 of the Dungeon
  5169 | D:5      | Reached skill level 5 in Dodging
  5348 | D:5      | Noticed a necrophage
  5351 | D:5      | Killed a necrophage
  5374 | D:5      | Reached XP level 7. HP: 50/50 MP: 13/15
  5959 | D:5      | Reached skill level 5 in Stealth
  6194 | D:5      | Reached XP level 8. HP: 57/57 MP: 10/16
  6220 | D:5      | Noticed Eustachio
  6226 | D:5      | Killed Eustachio
  6619 | D:5      | Noticed a yak
  6771 | D:5      | Killed a yak
  7109 | D:6      | Found a stormy altar of Qazlal.
  7142 | D:6      | Noticed a shadow
  7160 | D:6      | Killed a shadow
  7561 | D:6      | Learned a level 4 spell: Petrify
  7611 | D:6      | Noticed Maggie
  7743 | D:6      | Killed Maggie
  7744 | D:6      | Reached XP level 9. HP: 41/65 MP: 4/18
  8275 | D:7      | Found a glowing silver altar of Zin.
  8331 | D:7      | Found a hazy altar of Hepliaklqana.
  8754 | D:7      | Noticed Harold
  8870 | D:7      | Killed Harold
  8871 | D:7      | Reached skill level 5 in Invocations
  9109 | D:7      | Found a staircase to the Ecumenical Temple.
  9158 | D:7      | Found an iron altar of Okawaru.
  9223 | D:7      | Found a burning altar of Makhleb.
  9414 | D:8      | Reached XP level 10. HP: 73/73 MP: 18/20
  9455 | D:8      | Noticed a two-headed ogre
 10311 | D:8      | Reached skill level 5 in Fighting
 10311 | D:8      | Reached skill level 5 in Short Blades
 10311 | D:8      | Reached skill level 5 in Long Blades
 10311 | D:8      | Reached skill level 5 in Axes
 10311 | D:8      | Reached skill level 5 in Maces & Flails
 10311 | D:8      | Reached skill level 5 in Polearms
 10311 | D:8      | Reached skill level 5 in Staves
 10311 | D:8      | Reached skill level 5 in Slings
 10311 | D:8      | Reached skill level 5 in Bows
 10311 | D:8      | Reached skill level 5 in Crossbows
 10311 | D:8      | Reached skill level 5 in Throwing
 10311 | D:8      | Reached skill level 5 in Armour
 10311 | D:8      | Reached skill level 5 in Shields
 10311 | D:8      | Reached skill level 5 in Unarmed Combat
 10311 | D:8      | Reached skill level 5 in Evocations
 10373 | D:8      | Learned a level 4 spell: Animate Dead
 10717 | D:8      | Found a staircase to the Lair.
 10723 | D:8      | Identified the +1 ring mail of the Sun {Contam Rampage
                  | Int+4 Dex+2}
 11052 | D:8      | Found a broken altar of Ashenzari.
 11052 | D:8      | Found a blossoming altar of Fedhas.
 11054 | D:8      | Found a snail-covered altar of Cheibriados.
 11054 | D:8      | Found a glowing golden altar of the Shining One.
 11054 | D:8      | Found a shadowy altar of Dithmenos.
 11054 | D:8      | Found an ornate altar of the Wu Jian Council.
 11056 | D:8      | Found a basalt altar of Yredelemnul.
 11056 | D:8      | Found a sacrificial altar of Ru.
 11056 | D:8      | Found an ancient bone altar of Kikubaaqudgha.
 11121 | D:9      | Identified a scroll of acquirement
 11133 | D:9      | Acquired a book of Scorching
 11143 | D:9      | Learned a level 4 spell: Flame Wave
 11282 | D:9      | Paralysed by a hornet for 2 turns
 11973 | D:10     | Entered Level 10 of the Dungeon
 12152 | D:10     | Noticed an unseen horror
 12156 | D:10     | Killed an unseen horror
 12157 | D:10     | Reached skill level 5 in Transmutations
 12272 | D:10     | Found an opulent altar of Gozag.
 12585 | D:10     | Found a shimmering blue altar of Sif Muna.
 12891 | D:11     | Noticed Nergalle
 12903 | D:11     | Killed Nergalle
 12904 | D:11     | Reached XP level 11. HP: 36/81 MP: 13/22
 13394 | D:11     | Noticed Fannar
 13394 | D:11     | Noticed a two-headed ogre
 13394 | D:11     | Noticed a centaur warrior
 13397 | D:11     | Noticed a cyclops
 13452 | D:11     | Killed a centaur warrior
 13453 | D:11     | Reached skill level 5 in Conjurations
 13453 | D:11     | Reached skill level 5 in Hexes
 13453 | D:11     | Reached skill level 5 in Summonings
 13453 | D:11     | Reached skill level 5 in Necromancy
 13453 | D:11     | Reached skill level 5 in Translocations
 13453 | D:11     | Reached skill level 5 in Fire Magic
 13453 | D:11     | Reached skill level 5 in Ice Magic
 13453 | D:11     | Reached skill level 5 in Air Magic
 13453 | D:11     | Reached skill level 5 in Poison Magic
 13730 | D:11     | Noticed a two-headed ogre
 13739 | D:11     | Killed a two-headed ogre
 13862 | D:11     | Noticed a cyclops
 13868 | D:11     | Killed a cyclops
 13992 | D:11     | Learned a level 5 spell: Borgnjor's Vile Clutch
 13995 | D:11     | Learned a level 2 spell: Sublimation of Blood
 13999 | D:11     | Learned a level 3 spell: Tukima's Dance
 14005 | D:11     | Noticed a cyclops
 14010 | D:11     | Killed a cyclops
 14206 | D:11     | Killed Fannar
 14214 | D:11     | Noticed Erolcha
 14233 | D:11     | Cast into level 2 of the Abyss (Erolcha)
 14417 | Abyss:2  | Noticed a bone dragon
 14427 | Abyss:2  | Found a corrupted altar of Lugonu.
 14434 | Abyss:2  | Noticed a large abomination
 14464 | D:11     | Escaped the Abyss
 14620 | D:8      | Killed a two-headed ogre
 14634 | Lair:1   | Entered Level 1 of the Lair of Beasts
 14962 | Lair:1   | Noticed a six-headed hydra
 14971 | Lair:1   | Killed a six-headed hydra
 15005 | Lair:1   | Reached XP level 12. HP: 65/89 MP: 22/24
 15995 | Lair:2   | Found a hole to the Spider Nest.
 17052 | Lair:2   | Noticed Urug
 17061 | Lair:2   | Killed Urug
 17861 | Lair:3   | Noticed a four-headed hydra
 17931 | Lair:3   | Killed a four-headed hydra
 18656 | Lair:3   | Found a staircase to the Swamp.
 19054 | Lair:3   | Reached XP level 13. HP: 28/98 MP: 24/26
 22406 | Lair:5   | Found a staircase to the Slime Pits.
 23506 | Lair:6   | Entered Level 6 of the Lair of Beasts
 23519 | Lair:6   | Learned a level 4 spell: Animate Armour
 23563 | Lair:6   | Reached skill level 10 in Spellcasting
 25292 | Lair:6   | Reached skill level 10 in Dodging
 25292 | Lair:6   | Reached XP level 14. HP: 74/106 MP: 28/28
 26069 | Lair:6   | Reached skill level 10 in Stealth
 27078 | Lair:6   | Reached skill level 10 in Invocations
 28455 | Lair:6   | Found a large runed translucent door.
 28455 | Lair:6   | Found a large runed translucent door.
 29920 | D:11     | Found a staircase to the Orcish Mines.
 30181 | Orc:1    | Entered Level 1 of the Orcish Mines
 30371 | Orc:1    | Found Wini's Firing Range.
 30416 | Orc:1    | Noticed Erica
 30421 | Orc:1    | Killed Erica
 30728 | Orc:1    | Found a dark tunnel.
 30810 | Orc:1    | Noticed an orc warlord
 30852 | Volcano  | Entered a volcano
 31206 | Volcano  | Cast into level 2 of the Abyss (a wizard)
 31255 | Abyss:2  | Noticed a lich
 31464 | Abyss:2  | Gained mutation: Your body sometimes deteriorates upon
                  | taking damage. [a neqoxec]
 31524 | Abyss:2  | Noticed a tentacled starspawn
 31525 | Abyss:2  | Noticed a lich
 31528 | Abyss:2  | Killed from afar by a lich

Illustrated notes

Levels and vault maps discovered:
D:1:      dpeg_arrival_another_circle, layout_loops_ring,
          hellmonk_ecumenical_altar_heavens_door
D:2:      layout_basic, basic_altar, guppyfry_early_lair_pool, uniq_jessica
D:3:      layout_rooms
D:4:      layout_basic, minivault_11, minivault_14
D:5:      kennysheep_six_static_rooms, layout_cave_pools, hangedman_glass_teeth,
          corexii_hall_statues_i, kennysheep_generic_room_10, uniq_eustachio
D:6:      layout_basic, nicolae_qazlal_eye_of_the_storm, uniq_maggie
D:7:      layout_basic, mainiacjoe_overflow_paths, makhleb_grotto_becter,
          okawaru_altar_gauntlet_db, lemuel_doored_altar,
          minmay_temple_entry_statues, uniq_harold
D:8:      layout_loops_cross, nicolae_overflows_in_rows,
          grunt_lair_entry_orc_guard_hut
D:9:      layout_roguey
D:10:     layout_loops_cross, lemuel_round_altar, mainiacjoe_overflow_alcove_2
D:11:     layout_roguey, david_orc_1_choice, uniq_fannar, uniq_nergalle,
          uniq_erolcha
Lair:1:   layout_chaotic_city, gauntlet_entry_generic, minivault_23,
          wad_woods_06, lemuel_fruit_fields
Lair:2:   layout_long_grid, nicolae_spider_entry_non_spiders,
          wad_woods_river_01, uniq_urug
Lair:3:   layout_gridlike, skrybe_swamp_entry_bodies, st_stairs_12,
          minmay_holes, serial_bayou_shore_b
Lair:4:   layout_small_grid, nicolae_lair_run_with_the_wolves
Lair:5:   layout_regular_city, slime_dummy
Lair:6:   cheibrodos_lair_end_hotspot, layout_long_grid, serial_bayou_shore_b
Orc:1:    layout_diamond_mine, nicolae_volcano_entry_s_turn, roderic_batcave,
          nicolae_shop_firing_range, uniq_erica
Abyss:2:  base: D:10, base: Lair:1, serial_sigils_hangedman_shear,
          eino_small_chamber_without_monster
Volcano:  volcano_bunker

Skill      XL: |  1  2  3  4  5  6  7  8  9 10 11 12 13 14 |
---------------+-------------------------------------------+-----
Transmutations | 2 3 4 5 6 7 8 |  8.4
Spellcasting   | 5 6 7 8 9 10 | 10.9
Invocations    | 1 2 3 4 5 6 7 8 9 10 | 10.5
Fighting       | 1 2 4 5 6 7 8 9 |  9.7
Short Blades   | 1 2 4 5 6 7 8 9 |  9.7
Long Blades    | 1 2 4 5 6 7 8 9 |  9.7
Axes           | 1 2 4 5 6 7 8 9 |  9.7
Maces & Flails | 1 2 4 5 6 7 8 9 |  9.7
Polearms       | 1 2 4 5 6 7 8 9 |  9.7
Staves         | 1 2 4 5 6 7 8 9 |  9.7
Slings         | 1 2 4 5 6 7 8 9 |  9.7
Bows           | 1 2 4 5 6 7 8 9 |  9.7
Crossbows      | 1 2 4 5 6 7 8 9 |  9.7
Throwing       | 1 2 4 5 6 7 8 9 |  9.7
Armour         | 1 2 4 5 6 7 8 9 |  9.7
Shields        | 1 2 4 5 6 7 8 9 |  9.7
Unarmed Combat | 1 2 4 5 6 7 8 9 |  9.7
Evocations     | 1 2 4 5 6 7 8 9 |  9.7
Conjurations   | 1 2 3 4 5 6 7 8 |  8.1
Hexes          | 1 2 3 4 5 6 7 8 |  8.1
Summonings     | 1 2 3 4 5 6 7 8 |  8.1
Necromancy     | 1 2 3 4 5 6 7 8 |  8.1
Translocations | 1 2 3 4 5 6 7 8 |  8.1
Fire Magic     | 1 2 3 4 5 6 7 8 |  8.1
Ice Magic      | 1 2 3 4 5 6 7 8 |  8.1
Air Magic      | 1 2 3 4 5 6 7 8 |  8.1
Poison Magic   | 1 2 3 4 5 6 7 8 |  8.1
Dodging        | 5 6 7 8 9 10 | 10.7
Stealth        | 5 6 7 8 9 10 | 10.6
Earth Magic    | 6 7 8 9 |  9.8

Action                   |  1- 3 |  4- 6 |  7- 9 | 10-12 | 13-15 || total
-------------------------+-------+-------+-------+-------+-------++-------
Melee: Unarmed           |     2 |       |       |       |     1 ||     3
       Dagger            |     3 |    25 |    64 |       |       ||    92
       Whip              |     3 |       |       |       |       ||     3
       Spear             |    23 |       |       |       |       ||    23
       Bite              |     5 |     2 |    14 |     2 |    17 ||    40
       Rapier            |       |       |     4 |       |       ||     4
       Long sword        |       |       |    21 |    13 |       ||    34
       Punch             |       |       |     1 |     1 |     8 ||    10
       Trident           |       |       |       |    22 |    91 ||   113
       Double sword      |       |       |       |       |     4 ||     4
 Fire: Hunting sling     |       |       |       |       |    98 ||    98
Throw: Dart              |       |       |       |    10 |    41 ||    51
       Throwing net      |       |       |       |     1 |       ||     1
       Javelin           |       |       |       |       |    13 ||    13
       Boomerang         |       |       |       |       |    25 ||    25
 Cast: Sandblast         |    30 |    48 |    44 |   276 |   188 ||   586
       Stone Arrow       |       |     2 |    51 |    58 |   105 ||   216
       Borgnjor's Vile C |       |       |       |    18 |    96 ||   114
       Flame Wave        |       |       |       |     5 |     9 ||    14
       Tukima's Dance    |       |       |       |     2 |     1 ||     3
       Animate Dead      |       |       |       |     1 |    15 ||    16
       Sublimation of Bl |       |       |       |     1 |     4 ||     5
       Animate Armour    |       |       |       |       |     8 ||     8
Invok: Foxfire Swarm     |     1 |     1 |       |       |     3 ||     5
       Fiery Armour      |       |       |       |       |     3 ||     3
Evoke: Wand              |       |       |       |     7 |    14 ||    21
  Use: Scroll            |     2 |     8 |     5 |    17 |    11 ||    43
       Potion            |       |       |     1 |     9 |     4 ||    14
 Stab: Sleeping          |     2 |     1 |       |       |       ||     3
       Distracted        |     1 |       |       |       |     1 ||     2
Armor: Robe              |     5 |    12 |    16 |       |       ||    33
       Steam dragon scal |       |       |    13 |   107 |   106 ||   226
       Scale mail        |       |       |       |       |    56 ||    56
Dodge: Dodged            |    30 |    28 |    95 |   209 |   286 ||   648
